Match 38264704
Unlisted

Match 38264704
End
Royal Engineer Section
Selects Heavy Armor Battlegroup
Vickers Machine Gun Team
Construct Section Command Post
Dingo Light Scout Car
Infantry Section
Infantry Section
Infantry Section
Selects Rigorous Vehicle Training
Construct Platoon Command Post
Unlock M3 Stuart Light Tanks
M3 Stuart Light Tank
M3 Stuart Light Tank
Unlock Bishop Self-propelled Artillery
Selects Light Vehicle Withdraw and Refit
Infantry Training
Bishop Self-propelled Artillery
Selects Crusader AA Medium Tank
Light Vehicle Withdraw and Refit
Jimmy English
Bruistablet
Royale with Cheese
FANBOY
0
0

Comments sign in to comment!

No comments posted yet!